 Dungeon Crawl Stone Soup version 0.29-a0-723-gce39da1c22 (webtiles) character file.

Game seed: 9832352778075900153

9 Hubjo the Insei (level 2, -1/21 HPs)
             Began as a Demonspawn Transmuter on June 28, 2022.
             Slain by a jackal (3 damage)
             ... on level 1 of the Dungeon.
             The game lasted 00:00:46 (304 turns).

Hubjo the Insei (Demonspawn Transmuter)              Turns: 304, Time: 00:00:47

Health: -1/21      AC:  2    Str: 10    XL:     2   Next: 3%
Magic:  3/5        EV: 12    Int: 14    God:
Gold:   18         SH:  0    Dex: 13    Spells: 4/5 levels left

rFire   . . .      SeeInvis .     - Unarmed
rCold   . . .      Faith    .   (no shield)
rNeg    . . .      Spirit   .   a - +0 robe
rPois   .          Reflect  .   (helmet currently unavailable)
rElec   .          Harm     .   (no cloak)
rCorr   .          Rampage  .   (no gloves)
Will    .....                   (boots currently unavailable)
Stlth   +.........              (no amulet)
HPRegen 0.07/turn               (no ring)
MPRegen 0.09/turn               (no ring)

@: appendages
A: horns 2, talons 2, powered by death 1
a: End Transformation


You were on level 1 of the Dungeon.
You had temporarily grown beastly horns and talons.
You visited 1 branch of the dungeon, and saw 1 of its levels.

You collected 18 gold pieces.

Inventory:

Armour
 a - a +0 robe (worn)
Scrolls
 c - a scroll of identify {unknown}
Potions
 b - a potion of lignification
 d - a potion of resistance {unknown}
 e - a potion of haste {unknown}


   Skills:
 * Level 1.5 Fighting
 - Level 1.7 Dodging
 + Level 2.8 Unarmed Combat
 + Level 2.1 Spellcasting
 + Level 1.9 Transmutations


You had 4 spell levels left.
You knew the following spells:

 Your Spells              Type           Power      Damage    Failure   Level
a - Beastly Appendage     Tmut           14%        N/A       11%         1

Your spell library contained the following spells:

 Spells                   Type           Power      Damage    Failure   Level
 Wereblood                Tmut           7%         N/A       16%         2
 Spider Form              Tmut/Pois      4%         N/A       43%         3
 Ice Form                 Ice/Tmut       4%         N/A       83%         4


Dungeon Overview and Level Annotations

Branches:
Dungeon (1/15)

Altars:


Innate Abilities, Weirdness & Mutations

You have temporarily grown beastly horns and talons.
You regenerate a little health from kills.


Message History

The jackal is almost dead.
The jackal barks!
The jackal closely misses you. The jackal bites you.
You closely miss the jackal.
The jackal is almost dead.
The jackal bites you. x2
A jackal comes into view.
The jackal barks!
You hit the jackal but do no damage.
The jackal is almost dead.
The jackal barely misses you.
The jackal bites you but does no damage.
The jackal bites you.
You hit the jackal.
You kill the jackal!
The jackal bites you. The jackal completely misses you.
Your magical contamination has completely faded away.
You have reached level 2!
Your demonic ancestry asserts itself...
A wave of death washes over you.
Casting: Beastly Appendage (safe; 11% risk of failure)
Confirm with . or Enter, or press ? or * to list all spells.
You grow a pair of large bovine horns.
Your feet morph into talons.
The jackal closely misses you. The giant cockroach barely misses you.
There are monsters nearby!
As you read the scroll labelled QEYBIO YZOZY, it crumbles to dust.
The scroll dissolves into smoke.
It was a scroll of fog.
The jackal bites you but does no damage.
The jackal bites you.
* * * LOW HITPOINT WARNING * * *
The giant cockroach barely misses you. The jackal bites you.
* * * LOW HITPOINT WARNING * * *
You closely miss the giant cockroach. The jackal closely misses you.
The giant cockroach barely misses you. The jackal misses you. x2
You closely miss the giant cockroach.
You claw the giant cockroach, but do no damage.
The giant cockroach bites you.
* * * LOW HITPOINT WARNING * * *
The jackal bites you.
You die...

.....#..# #.#
........# #.# .#
.....#..# #.# .#
###..#..#####.# .#
..............###.#
##................#
..............##§§#
..............§§§§#
##...#..########@§#
##...#.........hBh#
........########§§#
##...#..###### #..#
.............. ...#
..(......... ....
##...##..######...#
..................#
##...##..######...


You could see 2 jackals and a giant cockroach.

Vanquished Creatures
  An endoplasm (D:1)
  A giant cockroach (D:1)
  A hobgoblin (D:1)
  2 jackals (D:1)
  A ball python (D:1)
  A bat (D:1)
  A rat (D:1)
8 creatures vanquished.

Notes
Turn   | Place    | Note
-------+----------+-------------------------------------------
     0 | D:1      | Hubjo the Demonspawn Transmuter began the quest for the
                  | Orb.
     0 | D:1      | Reached XP level 1. HP: 15/15 MP: 3/3
   301 | D:1      | Gained mutation: You regenerate a little health from kills.
                  | [demonic ancestry]
   301 | D:1      | Reached XP level 2. HP: 8/21 MP: 3/5
   304 | D:1      | Slain by a jackal

Illustrated notes

Levels and vault maps discovered:
D:1:      minmay_arrival_semitransparent, layout_basic,
          shapermc_ecumenical_altar_ellora

Action                   || total
-------------------------++-------
Melee: Unarmed           ||    16
       Headbutt          ||     2
       Kick              ||     2
 Cast: Beastly Appendage ||    11
  Use: Scroll            ||     1
Armor: Robe              ||     4
Dodge: Dodged            ||    16

Table legend: (Time is in decaauts)
 A = Elapsed time spent in this place.
 B = Non-inter-level travel time spent in this place.
 C = Inter-level travel time spent in this place.
 D = Time resting spent in this place.
 E = Time spent auto-exploring this place.
 F = Levels seen in this place.
 G = Mean time per level.
                   A        B        C        D        E       F      G
               +--------+--------+--------+--------+--------+-----+--------+
         Total |    303 |    303 |      0 |      0 |    240 |   1 |  303.0 |
       Dungeon |    303 |    303 |      0 |      0 |    240 |   1 |  303.0 |
               +--------+--------+--------+--------+--------+-----+--------+

Top non-repeatable levels by time:
     D:1: 303 daAuts
